 Dungeon Crawl Stone Soup version 0.28.0-43-g3370ac3207 (webtiles) character file.

Game seed: 11297422764858210016

54 Gatts13 the Shield-Bearer (level 3, 0/35 HPs)
             Began as a Gnoll Fighter on Mar 2, 2022.
             Succumbed to an adder's poison
             ... on level 2 of the Dungeon.
             The game lasted 00:15:01 (1234 turns).

Gatts13 the Shield-Bearer (Gnoll Fighter)           Turns: 1234, Time: 00:15:01

Health: 0/35       AC: 10    Str: 17    XL:     3   Next: 91%
Magic:  2/4        EV:  7    Int:  7    God:
Gold:   65         SH:  5    Dex: 11    Spells: 4/4 levels left

rFire   . . .      SeeInvis .   h - +0 mace
rCold   . . .      Faith    .   c - +0 buckler
rNeg    . . .      Spirit   +   y - +0 chain mail
rPois   .          Reflect  .   (no helmet)
rElec   .          Harm     .   (no cloak)
rCorr   .          Rampage  .   (no gloves)
Will    .....                   (no boots)
Stlth   ..........              l - amulet of guardian spirit
HPRegen 0.11/turn               (no ring)
MPRegen 0.09/turn               (no ring)

@: lethally poisoned (0 -> -2), flying
A: fangs 1, strong nose, distributed training
a: no special abilities


You were on level 2 of the Dungeon.
You visited 1 branch of the dungeon, and saw 2 of its levels.

You collected 65 gold pieces.

Inventory:

Hand Weapons
 a - a +0 trident
 e - a +0 club
 h - a +0 mace (weapon)
 n - a +0 dagger
 p - a +0 short sword
 q - a +0 club
 t - a +0 mace
 u - a +0 whip
 w - a +0 club
Missiles
 m - 6 stones (quivered)
 v - 24 arrows
Armour
 b - a +0 scale mail
 c - a +0 buckler (worn)
 y - a +0 chain mail (worn)
 C - a +0 scale mail
Jewellery
 l - an amulet of guardian spirit (around neck)
Scrolls
 f - 2 scrolls of blinking {unknown}
 i - a scroll of fear {unknown}
 k - a scroll of teleportation {unknown}
 o - a scroll of fog {unknown}
 r - a scroll of holy word {unknown}
 x - a scroll of noise {unknown}
Potions
 d - a potion of might
 g - 2 potions of haste {unknown}
 j - a potion of curing {unknown}
 z - 2 potions of attraction {unknown}
 A - a potion of heal wounds {unknown}
 B - a potion of cancellation {unknown}


   Skills:
 + Level 6.5 Fighting
 + Level 1.0 Short Blades
 + Level 1.0 Long Blades
 + Level 1.0 Axes
 + Level 1.0 Maces & Flails
 + Level 4.6 Polearms
 + Level 1.0 Staves
 + Level 1.0 Slings
 + Level 1.0 Bows
 + Level 1.0 Crossbows
 + Level 1.0 Throwing
 + Level 6.5 Armour
 + Level 1.0 Dodging
 + Level 1.0 Stealth
 + Level 6.5 Shields
 + Level 1.0 Unarmed Combat
 + Level 1.0 Spellcasting
 + Level 0.7 Conjurations
 + Level 0.7 Hexes
 + Level 0.7 Summonings
 + Level 0.7 Necromancy
 + Level 0.7 Translocations
 + Level 0.7 Transmutations
 + Level 0.7 Fire Magic
 + Level 0.7 Ice Magic
 + Level 0.7 Air Magic
 + Level 0.7 Earth Magic
 + Level 0.7 Poison Magic
 + Level 1.0 Invocations
 + Level 1.0 Evocations


You had 4 spell levels left.
You didn't know any spells.
Your spell library was empty.

Dungeon Overview and Level Annotations

Branches:
Dungeon (2/15)

Altars:
Gozag

Shops:
D:1 *


Innate Abilities, Weirdness & Mutations

You have very sharp teeth.
Your uncanny sense of smell can sniff out nearby items.
Your experience applies equally to all skills.


Message History

You feel sick. The adder bites you but does no damage.
The adder barely misses you.
You completely miss the adder. You bite the adder, but do no damage.
The adder is severely wounded.
You feel sick.
You are no longer poisoned.
The adder closely misses you.
You miss the adder.
The adder is heavily wounded.
The adder bites you but does no damage. x2
You hit the adder but do no damage.
The adder is heavily wounded.
The adder bites you but does no damage. You block the adder's attack.
You barely miss the adder.
The adder is heavily wounded.
The adder bites you.
* * * LOW HITPOINT WARNING * * *
The adder bites you.
* * * LOW HITPOINT WARNING * * *
You are poisoned.
The adder poisons you!
It was a potion of flight.
You feel very buoyant.
You fly up into the air.
* * * LOW HITPOINT WARNING * * *
You feel sick. The adder bites you.
* * * LOW HITPOINT WARNING * * *
You barely miss the adder.
The adder is heavily wounded.
* * * LOW HITPOINT WARNING * * *
You feel sick. The adder bites you but does no damage.
You block the adder's attack.
You miss the adder.
The adder is heavily wounded.
* * * LOW HITPOINT WARNING * * *
You feel sick. You block the adder's attack.
The adder bites you but does no damage.
You closely miss the adder.
The adder is heavily wounded.
You die...

####### #.#..###### #.#
#.# #. #.##.#....# #.#
#.#### #.##.#....###.#
#..... #.##..........#
###### #.
##.........####### #.
#...............# #.
#...............#
######.####..............#
........wS@..............#
.......†.#.........#######
.........#.........#
.........#.........#
.........#...>.###.#
.........#.....# #.# ####
.........###..##
#.#####...
.###########...#
#.#....... ####....#.#
#.#.......


You could see a worm and an adder.

Vanquished Creatures
  2 adders (D:2)
  A worm (D:2)
  A dart slug (D:1)
  A ball python (D:2)
  4 endoplasms (D:2)
  A giant cockroach (D:2)
  3 goblins
  4 hobgoblins
  2 quokkas
  3 bats (D:2)
  4 frilled lizards (D:2)
  2 kobolds (D:1)
  4 rats
32 creatures vanquished.

Notes
Turn   | Place    | Note
-------+----------+-------------------------------------------
     0 | D:1      | Gatts13 the Gnoll Fighter began the quest for the Orb.
     0 | D:1      | Reached XP level 1. HP: 23/23 MP: 1/1
     2 | D:1      | Found Osaxkewn's Assorted Antiques.
   169 | D:1      | Reached XP level 2. HP: 29/29 MP: 2/2
   779 | D:2      | Reached XP level 3. HP: 33/35 MP: 3/3
   839 | D:2      | Found a faded altar of an unknown god.
   995 | D:2      | Found an opulent altar of Gozag.
  1028 | D:2      | Reached skill level 1 in Invocations
  1114 | D:2      | Reached skill level 1 in Short Blades
  1114 | D:2      | Reached skill level 1 in Long Blades
  1114 | D:2      | Reached skill level 1 in Axes
  1114 | D:2      | Reached skill level 1 in Maces & Flails
  1114 | D:2      | Reached skill level 1 in Staves
  1114 | D:2      | Reached skill level 1 in Slings
  1114 | D:2      | Reached skill level 1 in Bows
  1114 | D:2      | Reached skill level 1 in Crossbows
  1114 | D:2      | Reached skill level 1 in Throwing
  1114 | D:2      | Reached skill level 1 in Dodging
  1114 | D:2      | Reached skill level 1 in Stealth
  1114 | D:2      | Reached skill level 1 in Unarmed Combat
  1114 | D:2      | Reached skill level 1 in Spellcasting
  1114 | D:2      | Reached skill level 1 in Evocations
  1234 | D:2      | Succumbed to an adder's poison

Illustrated notes

Levels and vault maps discovered:
D:1:      minmay_arrival_three_doors, layout_rooms, serial_shops,
          nicolae_shop_hallway_plus
D:2:      layout_basic, basic_altar, shapermc_ecumenical_altar_mp_highgroup

Skill      XL: |  1  2  3 |
---------------+----------+-----
Invocations    | 1 |  1.0
Short Blades   | 1 |  1.0
Long Blades    | 1 |  1.0
Axes           | 1 |  1.0
Maces & Flails | 1 |  1.0
Staves         | 1 |  1.0
Slings         | 1 |  1.0
Bows           | 1 |  1.0
Crossbows      | 1 |  1.0
Throwing       | 1 |  1.0
Dodging        | 1 |  1.0
Stealth        | 1 |  1.0
Unarmed Combat | 1 |  1.0
Spellcasting   | 1 |  1.0
Evocations     | 1 |  1.0
Fighting       | |  6.5
Polearms       | |  4.6
Armour         | |  6.5
Shields        | |  6.5
Conjurations   | |  0.7
Hexes          | |  0.7
Summonings     | |  0.7
Necromancy     | |  0.7
Translocations | |  0.7
Transmutations | |  0.7
Fire Magic     | |  0.7
Ice Magic      | |  0.7
Air Magic      | |  0.7
Earth Magic    | |  0.7
Poison Magic   | |  0.7

Action                   || total
-------------------------++-------
Melee: Trident           ||    19
       Mace              ||   101
       Bite              ||     9
  Use: Potion            ||     1
Armor: Scale mail        ||    37
       Chain mail        ||    23
Dodge: Dodged            ||    53
Block: Buckler           ||    36
